 Dungeon Crawl Stone Soup version 0.31.0-11-ge490571c62 (webtiles) character file.

Game seed: 15661897114858672781

130 FilipinaBountyHunter the Shooter (level 5, -18/39 HPs)
             Began as a Human Hunter on Jan 26, 2024.
             Was an Initiate of Cheibriados.
             Killed by an exploding butterfly (29 damage)
             ... ignited by their inner flame
             ... on level 4 of the Dungeon.
             The game lasted 00:04:26 (1167 turns).

FilipinaBountyHunter the Shooter (Human Hunter)     Turns: 1167, Time: 00:04:27

Health: -18/39     AC:  3    Str: 12    XL:     5   Next: 13%
Magic:  5/5        EV: 12    Int: 12    God:    Cheibriados [......]
Gold:   85         SH:  0    Dex: 18    Spells: 4/4 levels left

rFire   . . .        a - +0 shortbow
rCold   . . .        (shield currently unavailable)
rNeg    . . .        c - +0 leather armour
rPois   +            (no helmet)
rElec   .            (no cloak)
rCorr   .            (no gloves)
SInv    .            (no boots)
Will    .....        (no amulet)
Stlth   ++           i - +4 ring of slaying
HPRegen 0.26/turn    k - ring of poison resistance
MPRegen 0.09/turn

%: no passive effects
@: very slow
A: explore regen
a: Renounce Religion


You were on level 4 of the Dungeon.
You worshipped Cheibriados.
Cheibriados was noncommittal.
You visited 2 branches of the dungeon, and saw 5 of its levels.

You collected 85 gold pieces.

Inventory:

Hand Weapons
 a - a +0 shortbow (weapon)
Armour
 c - a +0 leather armour (worn)
Jewellery
 i - a +4 ring of slaying (left hand)
 k - a ring of poison resistance (right hand)
Potions
 d - 3 potions of curing
 f - 3 potions of heal wounds
 g - a potion of magic {unknown}
 h - 3 potions of mutation {unknown}
 j - a potion of resistance {unknown}


   Skills:
 * Level 2.5 Fighting
 * Level 5.4 Ranged Weapons
 * Level 1.1 Armour
 * Level 2.3 Dodging
 * Level 1.6 Stealth
 * Level 0.1 Spellcasting
 * Level 0.1 Invocations


You had 4 spell levels left.
You didn't know any spells.
Your spell library was empty.

Dungeon Overview and Level Annotations

Branches:
Dungeon (4/15)             Temple (1/1) D:4

Altars:
Ashenzari
Cheibriados
Dithmenos
Elyvilon
Fedhas
Hepliaklqana
Kikubaaqudgha
Makhleb
Nemelex Xobeh
Okawaru
Qazlal
Ru
Uskayaw
Vehumet
Wu Jian
Xom
Yredelemnul
Zin


Innate Abilities, Weirdness & Mutations

You regain HP and MP as you explore.


Message History

The orc priest hits something with a +0 hand axe.
You hear an explosion!
The fiery explosion engulfs your butterfly!
Your butterfly disappears in a burst of colours!
The fiery explosion engulfs the orc priest!!
Cheibriados appreciates the change of pace.
The fiery explosion engulfs something!!
Cheibriados appreciates the change of pace.
Reactivating autopickup.
You feel a bit more experienced.
The orc wizard explodes!
The fiery explosion engulfs your butterfly!!!
Your butterfly disappears in a burst of colours!
Your butterfly explodes!
The fiery explosion engulfs your butterfly!!
You kill your butterfly!
Your butterfly disappears in a burst of colours!
The fiery explosion engulfs your butterfly!
Your butterfly disappears in a burst of colours!
The fiery explosion engulfs your butterfly!!!
Your butterfly disappears in a burst of colours!
Your butterfly explodes!
The fiery explosion engulfs your butterfly!!
You kill your butterfly!
Your butterfly disappears in a burst of colours!
The fiery explosion engulfs your butterfly!!!
Your butterfly disappears in a burst of colours!
Your butterfly explodes!
The fiery explosion engulfs your butterfly!!
Your butterfly disappears in a burst of colours!
The fiery explosion engulfs your butterfly!!
Your butterfly disappears in a burst of colours!
Your butterfly explodes!
The fiery explosion engulfs you!!
Ouch! That really hurt!
* * * LOW HITPOINT WARNING * * *
Your butterfly explodes!
The fiery explosion engulfs you!!
Ouch! That really hurt!
You die...

#....)#........#
#...J.#........#
#..So.#.b.)...#
#...b)#b......#
#...bJ#....b..# .$##
#.bb.§§.b.bb..+......#
#..b..#§.b.b..#.......
##bb§§#§.#bb..##....#
#.b..#§§§§@.#.##....# ##
..bb##...#§§##..##....# ..
..b ####b§##.)b......# ..
....####.b###.........# ..
.........###.........# ..
...#...>..#..........####+##
....#......[.........##.....
##. ##.##..#...##...........
# ## ##.#...##...........


You could see a jelly and a ball python.

Vanquished Creatures
  An orc priest (D:4)
  Jessica (D:3)
  An iguana (D:4)
  2 orc wizards (D:4)
  2 adders
  A dart slug (D:3)
  2 ribbon worms
  3 orcs
  A ball python (D:1)
  An endoplasm (D:1)
  A giant cockroach (D:2)
  6 goblins
  3 hobgoblins
  A quokka (D:2)
  2 bats
  2 frilled lizards (D:1)
  2 kobolds (D:2)
  2 rats
34 creatures vanquished.

Notes
Turn   | Place    | Note
-------+----------+-------------------------------------------
     0 | D:1      | FilipinaBountyHunter the Human Hunter began the quest for
                  | the Orb.
     0 | D:1      | Reached XP level 1. HP: 16/16 MP: 1/1
   190 | D:1      | Reached XP level 2. HP: 22/22 MP: 2/2
   652 | D:2      | Reached XP level 3. HP: 16/27 MP: 3/3
   907 | D:3      | Noticed Jessica
   911 | D:3      | Killed Jessica
   912 | D:3      | Reached skill level 5 in Ranged Weapons
   912 | D:3      | Reached skill level 1 in Armour
   912 | D:3      | Reached XP level 4. HP: 34/34 MP: 4/4
  1038 | D:4      | Found a staircase to the Ecumenical Temple.
  1056 | Temple   | Entered the Ecumenical Temple
  1103 | Temple   | Became a worshipper of Cheibriados the Contemplative
  1157 | D:4      | Reached XP level 5. HP: 36/39 MP: 5/5
  1167 | D:4      | Killed by an exploding butterfly... ignited by their inner
                  | flame

Illustrated notes

Levels and vault maps discovered:
D:1:      wander_arrival_peaceful_grave, layout_basic,
          hellmonk_ecumenical_altar_leap_of_faith, serial_shops,
          nicolae_shop_back_alley_shop, chequers_garden,
          minmay_misc_feat_four_crosses
D:2:      layout_basic
D:3:      layout_basic, uniq_jessica
D:4:      layout_gridville, mainiacjoe_overflow_cross_hatched,
          minmay_temple_entry_wispy, kennysheep_donut
Temple:   mainiacjoe_temple_bowtie_tessellation

Skill      XL: |  1  2  3 |
---------------+----------+-----
Ranged Weapons | 5 |  5.4
Armour         | 1 |  1.1
Fighting       | |  2.5
Dodging        | |  2.3
Stealth        | |  1.6
Spellcasting   | |  0.1
Invocations    | |  0.1

Action                     |  1- 3 |  4- 6 || total
---------------------------+-------+-------++-------
   Fire: Shortbow          |    88 |    24 ||   112
    Use: Scroll            |     3 |     3 ||     6
 Armour: Leather armour    |    20 |     7 ||    27
  Dodge: Dodged            |    26 |     3 ||    29
